Match 39280240
Unlisted

Match 39280240
End
Engineer Squad
Selects Armored Battlegroup
Construct Barracks
Selects Veteran Crews
Riflemen Squad
Riflemen Squad
Riflemen Squad
Grenade Package
Infantry Support Center
Construct Medical Station
Selects Strength in Steel
Construct Tank Depot
Engineer Squad
M4A1 Sherman Medium Tank
Advanced Logistics
Selects Seek and Destroy
Selects UNKNOWN (2160077)
Ferrence
[RNG2]GATCHAN
corsairf4u
Mael Radec
SAAD II
Rengar
USHALLNOTPASS
Frenzy
0
0

Comments sign in to comment!

No comments posted yet!